 Dungeon Crawl Stone Soup version 0.17-a0-1655-g88a8506 (webtiles) character file.

131 Neuromancien059 the Ruffian (level 4, 0/41 HPs)
             Began as a Minotaur Monk on Aug 15, 2015.
             Slain by a gnoll
             ... wielding a +0 spear
              (2 damage)
             ... on level 3 of the Dungeon.
             The game lasted 00:21:56 (2374 turns).

Neuromancien059 the Ruffian (Minotaur Monk)         Turns: 2374, Time: 00:21:56

Health: 0/41       AC:  7    Str: 14 (16) XL:     4   Next: 91%
Magic:  3/3        EV: 11    Int:  7      God:
Gold:   129        SH:  0    Dex: 13      Spells: 0 memorised, 3 levels left

rFire  . . .     SeeInvis .       - Unarmed
rCold  . . .     Clarity  .     j - +0 scale mail
rNeg   . . .     SustAt   .     (no shield)
rPois  .         Gourm    .     (helmet restricted)
rElec  .         Spirit   .     (no cloak)
rCorr  .         Warding  .     (no gloves)
rMut   .         Stasis   .     i - +0 pair of boots (curse)
MR     .....                    (no amulet)
Stlth  ..........               (no ring)
                                g - ring of flight

@: not resistant to hostile enchantments, extremely unstealthy
A: retaliatory headbutt, horns 2
a: Evoke Flight


You were on level 3 of the Dungeon.
You were full.

You visited 1 branch of the dungeon, and saw 3 of its levels.

You collected 129 gold pieces.

Inventory:

Hand weapons
 k - a +0 club
Armour
 a - a +0 robe
 e - a +0 leather armour
 i - a cursed +0 pair of boots (worn)
 j - a +0 scale mail (worn)
Jewellery
 g - a ring of flight (left hand)
 n - an uncursed amulet of faith {unknown}
 q - an uncursed ring of flight
Scrolls
 c - 3 scrolls of remove curse {unknown}
 l - 5 scrolls of identify {unknown}
 m - a scroll of magic mapping {unknown}
 o - 2 scrolls of enchant weapon {unknown}
 p - 2 scrolls of fog {unknown}
 r - a scroll of fear {unknown}
Potions
 f - a potion of degeneration
 h - 2 potions of curing {unknown}
 v - a potion of haste {unknown}
 w - a potion of flight {unknown}
Comestibles
 b - 4 bread rations
 d - a beef jerky


   Skills:
 + Level 4.5 Fighting
 + Level 2.1 Armour
 + Level 4.1 Dodging
 + Level 1.7 Stealth
 + Level 5.3 Unarmed Combat


You had 3 spell levels left.
You didn't know any spells.

Dungeon Overview and Level Annotations

Branches:
Dungeon (3/15)

Altars:
Qazlal


Innate Abilities, Weirdness & Mutations

You reflexively headbutt those who attack you in melee.
You have a pair of horns on your head.


Message History

* * * LOW HITPOINT WARNING * * *
Things that are here:
a spear; a gnoll skeleton The gnoll hits you from afar with a spear.
* * * LOW HITPOINT WARNING * * *
Found a stone staircase leading down.
The gnoll shouts!
The gnoll shouts!
The gnoll closely misses you.
You punch the gnoll! You punch the gnoll, but do no damage.
The gnoll is severely wounded.
The gnoll hits you with a club.
* * * LOW HITPOINT WARNING * * *
It was a potion of degeneration.
There was something very wrong with that liquid.
You feel weakened. The gnoll barely misses you. x2
g - a ring of flight (left hand)
The gnoll hits you from afar with a spear.
You die...

....#######.....#
....'.g..)'.....#
....#######.....# ### .
''''############# ..# P.
................# g.# ≈..
....≈≈≈≈≈≈≈≈≈≈≈≈#####≈≈..
....≈≈≈≈≈≈≈≈≈≈≈≈≈≈≈≈≈≈≈..
....≈≈≈≈≈≈≈≈≈≈≈≈≈≈≈≈≈≈≈..
....)........ggg@........
##.###.....##############
#..##.....## ......#.###
..#####.# ..# #.# .....
.># ..##.#.## .#.. ..


You could see 4 gnolls.

Vanquished Creatures
  2 adders (D:2)
  4 gnolls (D:3)
  An adder skeleton (D:2)
  3 worms (D:2)
  2 ball pythons (D:1)
  A bat skeleton (D:2)
  3 giant cockroaches
  6 hobgoblins
  9 jackals
  3 quokkas (D:2)
  4 bats
  3 giant geckos
  2 giant gecko zombies (D:2)
  2 giant newts (D:2)
  4 goblins
  2 jackal skeletons (D:2)
  7 kobolds
  6 rats
  A plant (D:2)
65 creatures vanquished.

Notes
Turn   | Place    | Note
--------------------------------------------------------------
     0 | D:1      | Neuromancien059 the Minotaur Monk began the quest for the Orb.
     0 | D:1      | Reached XP level 1. HP: 19/19 MP: 0/0
   566 | D:1      | Reached XP level 2. HP: 27/27 MP: 1/1
   578 | D:2      | Found a stormy altar of Qazlal.
   967 | D:2      | Reached XP level 3. HP: 33/33 MP: 2/2
   985 | D:2      | Reached skill level 1 in Armour
  1347 | D:2      | Reached XP level 4. HP: 20/40 MP: 3/3
  1347 | D:2      | Reached skill level 5 in Unarmed Combat
  2358 | D:3      | HP: 2/41 [gnoll/spear (2)]
  2372 | D:3      | HP: 2/41 [gnoll/club (2)]
  2374 | D:3      | Slain by a gnoll

Vault maps used:
D:1:      nicolae_arrival_somewhat_less_tricky_arrival, hangedman_decor_lopped
D:2:      serial_undead, serial_undead_b, serial_undead_c, serial_undead_f,
          serial_undead_b, serial_undead_b, serial_undead_b, st_stairs_10,
          nicolae_qazlal_general_emergency
D:3:      lemuel_castle_with_subvaults, first_bread, uniq_sigmund

Action                   |  1- 3 |  4- 6 || total
-------------------------+-------+-------++-------
Melee: Unarmed           |    96 |    85 ||   181
       Club              |    13 |       ||    13
  Use: Scroll            |       |     1 ||     1
       Potion            |       |     1 ||     1
  Eat: Chunk             |       |     4 ||     4
       Meat ration       |       |     1 ||     1
